Map: Simulacrum LE

Players

Freak - Winner!

  • Race: Protoss Protoss
  • Spawn Location: 11:00

Pit

  • Race: Zerg Zerg
  • Spawn Location: 5:00

VOD

Have the link to the VOD?

Description

Time

  • Played on: Dec. 6, 2019, 1 p.m.
  • Length: 10:56
Show
View Real Time Build Order
Export as new Build Order

Freak Protoss - Winner!

Build Orders: 1 Gate Expand, Oracle Opening, Phoenix Opening, Zealot Archon 

Get SALT Encoding   

  12  0:01  Probe  
  13  0:13  Probe  
  14  0:20  Pylon  
  14  0:25  Probe  
  15  0:38  Probe (Chrono Boost)  
  16  0:45  Gateway  
  16  0:47  Probe (Chrono Boost)  
  16  0:49  Assimilator  
  17  0:53  Probe  
  18  1:05  Probe  
  19  1:18  Probe  
  20  1:25  Nexus  
  20  1:30  Probe  
  21  1:38  Cybernetics Core  
  21  1:42  Probe  
  21  1:44  Assimilator  
  22  1:52  Pylon  
  22  1:55  Probe  
  23  2:10  Probe (Chrono Boost)  
  23  2:12  Adept (Chrono Boost)  
  26  2:21  Probe (Chrono Boost)  
  26  2:22  Stargate  
  27  2:26  Probe (Chrono Boost)  
  29  2:39  Adept  
  29  2:40  Warp Gate, Probe x2 (Chrono Boost)  
  33  2:52  Probe (Chrono Boost)  
  33  2:56  Probe  
  34  3:01  Probe  
  34  3:04  Gateway  
  34  3:05  Phoenix  
  37  3:09  Probe (Chrono Boost)  
  39  3:21  Probe x2 (Chrono Boost)  
  39  3:25  Twilight Council  
  40  3:30  Probe (Chrono Boost)  
  40  3:32  Pylon, Probe (Chrono Boost)  
  42  3:35  Probe  
  42  3:41  Probe  
  44  3:42  Assimilator  
  44  3:43  Assimilator  
  44  3:49  Probe  
  44  3:50  Oracle (Chrono Boost)  
  44  3:55  Probe  
  49  4:01  Probe  
  50  4:03  Robotics Facility  
  50  4:07  Probe  
  51  4:13  Probe  
  50  4:17  Pylon  
  50  4:19  Probe (Chrono Boost)  
  50  4:21  Gateway  
  50  4:23  Gateway  
  51  4:30  Templar Archives  
  53  4:31  Probe (Chrono Boost)  
  53  4:36  Probe (Chrono Boost)  
  53  4:45  Pylon  
  52  4:57  Probe (Chrono Boost)  
  53  5:01  Probe (Chrono Boost)  
  53  5:02  Adept x2  
  58  5:09  Warp Prism, Charge (Chrono Boost)  
  58  5:13  Probe (Chrono Boost)  
  62  5:15  Probe (Chrono Boost)  
  62  5:18  Forge  
  62  5:20  Adept x2  
  66  5:25  Probe  
  66  5:27  Pylon  
  67  5:32  Gateway  
  67  5:34  Gateway  
  67  5:36  Gateway  
  67  5:41  Nexus  
  67  5:45  Pylon  
  67  5:49  Probe (Chrono Boost)  
  69  5:52  Adept x2  
  69  5:54  Probe (Chrono Boost)  
  73  6:00  Pylon  
  73  6:02  Protoss Ground Weapons Level 1  
  73  6:03  Probe (Chrono Boost)  
  74  6:08  High Templar x2  
  74  6:10  Psionic Storm  
  78  6:21  Archon  
  78  6:22  High Templar x2  
  78  6:23  Immortal (Chrono Boost)  
  82  6:30  Gateway  
  82  6:31  Archon  
  86  6:34  Probe  
  87  6:49  Adept x2  
  87  6:52  Adept x2  
  90  6:57  Adept x3  
  79  7:10  Adept x2  
  70  7:20  Adept x5  
  70  7:22  Probe (Chrono Boost)  
  78  7:26  Probe (Chrono Boost)  
  78  7:33  Probe (Chrono Boost)  
  78  7:34  Zealot x3  
  85  7:38  Probe (Chrono Boost)  
  70  8:01  Immortal (Chrono Boost)  
  70  8:02  Probe x2  
  70  8:14  Nexus  
  70  8:21  High Templar x2  
  70  8:22  High Templar  
  70  8:25  High Templar  
  70  8:26  Archon  
  78  8:31  Archon  
  78  8:32  Probe x2  
  80  8:38  Immortal (Chrono Boost)  
  84  8:45  Zealot  
  84  8:46  Zealot  
  84  8:47  Zealot  
  90  9:12  High Templar x2  
  90  9:15  Pylon  
  90  9:16  Pylon  
  94  9:19  Archon, Pylon  
  94  9:25  Probe  
  87  9:35  Zealot x6  
  87  9:49  Probe  
  87  9:51  Zealot x2  
  76  10:01  Probe (Chrono Boost)  
  76  10:02  Zealot x2  
  76  10:03  Zealot x4  
  76  10:05  Probe (Chrono Boost)  
  76  10:06  Probe (Chrono Boost)  
  84  10:21  High Templar x2  
  86  10:27  Archon, High Templar x2  
  73  10:41  Zealot  
Show
View Real Time Build Order
Export as new Build Order

Pit Zerg 

Build Orders: Hatch First 

Get SALT Encoding   

  12  0:01  Drone  
  13  0:08  Drone  
  14  0:16  Overlord  
  14  0:34  Drone x2  
  14  0:35  Drone  
  17  0:51  Hatchery  
  17  0:54  Drone  
  17  0:56  Extractor  
  16  0:59  Drone  
  17  1:14  Spawning Pool  
  17  1:16  Drone  
  17  1:20  Drone  
  18  1:31  Drone  
  19  1:41  Overlord  
  19  2:00  Metabolic Boost  
  19  2:01  Queen  
  21  2:08  Drone x2, Queen  
  22  2:10  Drone  
  22  2:14  Zergling x2  
  27  2:16  Zergling x2  
  28  2:27  Drone  
  29  2:30  Drone  
  30  2:40  Drone x2  
  32  2:48  Hatchery  
  32  2:50  Zergling x4  
  33  2:56  Drone  
  34  3:00  Drone  
  35  3:10  Spore Crawler  
  35  3:12  Extractor  
  33  3:19  Drone x2  
  36  3:20  Overlord  
  36  3:21  Overlord  
  36  3:40  Spore Crawler  
  36  3:41  Drone x6, Spore Crawler  
  39  3:43  Lair  
  40  3:50  Overlord x2  
  40  3:51  Drone, Overlord  
  40  3:53  Drone  
  42  3:58  Drone  
  42  3:59  Drone  
  44  4:05  Drone x3  
  44  4:07  Overlord  
  46  4:19  Drone x3  
  46  4:23  Extractor  
  48  4:24  Extractor  
  48  4:27  Queen  
  48  4:28  Drone x2, Roach Warren  
  50  4:31  Drone x2  
  50  4:32  Drone  
  50  4:33  Drone  
  54  4:39  Drone  
  54  4:40  Drone  
  53  4:54  Drone  
  53  4:56  Drone  
  53  4:57  Drone x2  
  57  5:02  Drone x6  
  57  5:06  Spore Crawler  
  62  5:09  Overlord  
  62  5:10  Overlord  
  62  5:13  Drone x3  
  65  5:18  Glial Reconstitution  
  65  5:22  Overlord  
  65  5:28  Extractor  
  64  5:38  Roach x11  
  88  5:50  Roach x5  
  96  6:02  Roach  
  96  6:04  Overlord x2  
  98  6:16  Overlord x2  
  98  6:23  Roach x8  
  113  6:29  Overlord x4  
  113  6:34  Ravager x3  
  113  6:36  Hatchery  
  113  6:37  Zergling x8  
  119  6:47  Hydralisk Den  
  116  7:15  Roach x5  
  122  7:16  Zergling x8, Roach x10  
  136  7:23  Drone  
  111  7:58  Drone x9  
  105  7:59  Queen  
  105  8:02  Drone x2  
  116  8:12  Roach  
  120  8:13  Roach x3  
  124  8:28  Drone x4  
  124  8:32  Lurker Den  
  124  8:33  Drone x3  
  124  8:34  Drone x2  
  132  8:37  Queen  
  134  8:52  Drone x6  
  135  9:04  Queen  
  135  9:07  Hydralisk, Overlord x2  
  135  9:08  Hydralisk x4  
  145  9:12  Infestation Pit  
  144  9:19  Evolution Chamber x2  
  142  9:25  Extractor, Roach x6  
  129  9:39  Roach x8  
  123  9:46  Roach x4  
  114  9:54  Roach  
  114  9:55  Roach x3  
  114  9:57  Roach  
  111  10:02  Roach  
  111  10:03  Roach  
  104  10:07  Ravager  
  104  10:08  Ravager x2  
  104  10:10  Zergling x6  
  98  10:23  Roach x3  
  92  10:29  Roach  
  92  10:30  Roach x3  
  92  10:31  Zergling x2  
Tags
 
Add a new tag
Caveats
  • Supply blocks, unpowered buildings, or Contaminate may cause inaccurate times.
  • Supply counts are checked every 10 seconds.